Cogmind - Beta 12 @@@ ROGUE MODE // 2023.03.06 @ 07:00:38 Player: Eddie Result: Destroyed by D-53 Grenadier with Mini Grenade Launcher Performance ------------- Evolutions (0) 0 Regions Visited (4) 800 Robots Destroyed (12) 60 Value Destroyed (290) 290 Prototype IDs (4) 80 Alien Tech Used (0) 0 Bonus (0) 0 TOTAL SCORE: 1230 Bonus ------- None Cogmind --------- Core Integrity 0/250 Matter 300/300 Energy 100/100 System Corruption 0% Temperature Cool (0) Movement Walking (120) Location -9/Mines Parts ------- > --- POWER (1) -------- (None) > --- PROPULSION (2) --- Aluminum Leg > --- UTILITY (2) ------ Small Storage Unit Hacking Suite > --- WEAPON (2) ------- Rocket Launcher > --- INVENTORY (8) ---- Trap Extractor (0/4) Small Laser Light Assault Rifle Light Assault Rifle Grenade Launcher Hammer Peak State ------------ > --- POWER ------------ Improved Ion Engine > --- PROPULSION ------- Aluminum Leg Aluminum Leg > --- UTILITY ---------- Small Storage Unit Hacking Suite > --- WEAPON ----------- Assault Rifle Rocket Launcher > --- INVENTORY -------- Ion Engine Trap Extractor Small Laser Light Assault Rifle Light Assault Rifle Grenade Launcher Hammer [Rating: 11] Favorites ----------- Power Ion Engine Engine Ion Engine Propulsion Aluminum Leg Leg Aluminum Leg Utility Small Storage Unit Storage Small Storage Unit Hackware Hacking Suite Weapon Assault Rifle Energy Gun Small Laser Ballistic Gun Assault Rifle Launcher Rocket Launcher Impact Weapon Hammer Build | -11 -10 -10 -10 -9 ------- Run | Jun Mat Min Exi Min Slots Evolved . | . . . . . Power . | . . . . . Propulsion . | . . . . . Utility . | . . . . . Weapon . | . . . . . Parts Attached 14 | 6 2 2 . 4 Power 3 | 1 . 1 . 1 Engine 3 | 1 . 1 . 1 Core . | . . . . . Reactor . | . . . . . Propulsion 4 | 2 . . . 2 Treads . | . . . . . Leg 4 | 2 . . . 2 Wheel . | . . . . . Hover . | . . . . . Flight . | . . . . . Utility 2 | 1 1 . . . Device . | . . . . . Storage 1 | 1 . . . . Processor . | . . . . . Hackware 1 | . 1 . . . Protection . | . . . . . Artifact . | . . . . . Weapon 5 | 2 1 1 . 1 Energy Gun 1 | 1 . . . . Energy Cannon . | . . . . . Ballistic Gun 2 | 1 . 1 . . Ballistic Cannon . | . . . . . Launcher 1 | . . . . 1 Special Weapon . | . . . . . Impact Weapon 1 | . 1 . . . Slashing Weapon . | . . . . . Piercing Weapon . | . . . . . Special Melee Weapon . | . . . . . Unidentified Prototypes . | . . . . . Parts Lost 6 | . . 1 . 5 Power 2 | . . 1 . 1 Propulsion 3 | . . . . 3 Utility . | . . . . . Weapon 1 | . . . . 1 Highest Loss Streak 3 | . . 1 . 3 To Critical Strikes . | . . . . . Average Slot Usage (%) 98 | . 97 98 100 94 Engine 13 | . 14 12 14 13 Leg 27 | . 28 28 28 24 Storage 14 | . 14 14 14 14 Hackware 13 | . 12 14 14 14 Ballistic Gun 24 | . 14 28 28 18 Launcher 1 | . . . . 8 Naked Turns . | . . . . . Heaviest Build 18 | 13 14 13 13 18 Greatest Support 20 | 20 20 20 20 20 Greatest Overweight (x) 4 | . . . . 4 Average Overweight (x) . | . . . . . Largest Inventory Capacity 8 | 8 8 8 8 8 Average Capacity 7 | 6 8 8 8 8 Most Carried 7 | 3 3 4 4 7 Average Carried 3 | . 1 3 4 5 Final Capacity 8 | 8 8 8 8 8 Final Carried 6 | 1 2 4 4 6 Class Distribution -------------------- 94% | Mutant 5% | Scavenger-Mutant Dominant Class ---------------- Mutant | -10/Materials Mutant | -10/Mines Mutant | -10/Exiles Mutant | -9/Mines Resources | -11 -10 -10 -10 -9 ----------- Run | Jun Mat Min Exi Min Matter Collected 486 | 245 41 118 . 82 Remotely . | . . . . . Salvage Created 340 | . 48 168 . 124 Parts 29 | . 5 17 . 7 Haulers Intercepted . | . . . . . Recyclers Shooed . | . . . . . Parts Field Recycled . | . . . . . Retrieved Matter . | . . . . . Parts Self-Destructed . | . . . . . Prevented . | . . . . . Kills | -11 -10 -10 -10 -9 ------- Run | Jun Mat Min Exi Min Combat Hostiles Destroyed 9 | . 1 5 . 3 Guns 8 | . . 5 . 3 Classes Destroyed 4 | . 2 2 . . Tunneler 2 | . . 2 . . Operator 1 | . 1 . . . Swarmer 3 | . . 3 . . Grunt 6 | . 1 2 . 3 Best Kill Streak 3 | . 1 3 . 3 Combat Bots Only 3 | . 1 3 . 3 Max Kills in Single Turn 1 | . 1 1 . 1 Gunslinging . | . . . . . Exploded . | . . . . . Melee . | . . . . . Uniques/NPCs Destroyed . | . . . . . Combat | -11 -10 -10 -10 -9 -------- Run | Jun Mat Min Exi Min Damage Taken 983 | . 159 304 . 520 Core 286 | . 57 72 . 157 Absorbed by Shields . | . . . . . Core Remaining (%) 100 | 100 . . . . Volleys Fired 45 | 2 11 19 . 13 Largest 2 | 1 2 2 . 2 Hottest 60 | 40 60 40 . 40 Shots Fired 78 | 2 12 38 . 26 Gun 78 | 2 12 38 . 26 Cannon . | . . . . . Launcher . | . . . . . Special . | . . . . . Kinetic 75 | . 11 38 . 26 Thermal 3 | 2 1 . . . Explosive . | . . . . . Electromagnetic . | . . . . . Robot Hit Streak 11 | 1 8 11 . 11 Robot Miss Streak 3 | 1 1 3 . 1 Penetration Max . | . . . . . Secondary Targets 2 | . . 2 . . Max Gunslinging Chain 1 | . . 1 . . Shots Hit Robots 59 | 1 15 23 . 20 Core Hits 23 | . 4 11 . 8 Critical Kills . | . . . . . Critical Parts Destroyed 1 | . 1 . . . Critical Strikes 1 | . 1 . . . Smash 1 | . 1 . . . Melee Attacks 5 | . 5 . . . Impact 5 | . 5 . . . Slashing . | . . . . . Piercing . | . . . . . Sneak Attacks . | . . . . . Combat Hostiles . | . . . . . Follow-up Attacks . | . . . . . Damage Inflicted 707 | 11 248 243 . 205 Guns 608 | 11 149 243 . 205 Cannons . | . . . . . Explosions . | . . . . . Melee 99 | . 99 . . . Ramming . | . . . . . Kinetic 585 | . 137 243 . 205 Thermal 23 | 11 12 . . . Explosive . | . . . . . Electromagnetic . | . . . . . Impact 99 | . 99 . . . Slashing . | . . . . . Piercing . | . . . . . Highest Corruption . | . . . . . Average Corruption . | . . . . . Corruption Purged . | . . . . . Corruption Blocked . | . . . . . Overload Shots . | . . . . . Overflow Damage 27 | . 27 . . . Projectiles . | . . . . . Explosions . | . . . . . Melee 27 | . 27 . . . Knockbacks 1 | . 1 . . . Impact 1 | . 1 . . . Kinetic . | . . . . . Secondary . | . . . . . Self-Inflicted Damage . | . . . . . Shots . | . . . . . Rammed . | . . . . . Targets Rammed . | . . . . . Kicked . | . . . . . Crushed . | . . . . . Highest Temperature 34 | . . 34 . 18 Average Temperature 11 | . . 13 . 8 Received Heat Transfer 357 | . 90 144 . 123 Siege Activations . | . . . . . Robots Corrupted . | . . . . . Combat Hostiles . | . . . . . Parts Fried 1 | . 1 . . . Impact Corruptions 1 | . 1 . . . Robots Melted . | . . . . . Combat Hostiles . | . . . . . Parts Melted . | . . . . . Heat Transferred 50 | 25 25 . . . Parts Sabotaged . | . . . . . Parts Stolen . | . . . . . Parts Stripped . | . . . . . Power Chain Reactions . | . . . . . Missiles Intercepted . | . . . . . Alert | -11 -10 -10 -10 -9 ------- Run | Jun Mat Min Exi Min Peak Influence 142 | . 20 142 . 65 Initial 7 | . . 7 . . Average 66 | . 7 125 . 45 Maximum Alert Level . | . . . . . Low Security (%) 100 | 100 100 100 . 100 Level 1 . | . . . . . Level 2 . | . . . . . Level 3 . | . . . . . Level 4 . | . . . . . Level 5 . | . . . . . High Security . | . . . . . Max Security . | . . . . . Squads Dispatched . | . . . . . Investigation . | . . . . . Extermination . | . . . . . Reinforcement . | . . . . . Assault . | . . . . . Garrison . | . . . . . Intercept . | . . . . . Searches Triggered . | . . . . . Construction Impeded . | . . . . . Haulers Reinforced . | . . . . . Active Scanning Responses . | . . . . . Cargo Convoy Interrupts . | . . . . . Stealth | -11 -10 -10 -10 -9 --------- Run | Jun Mat Min Exi Min Distress Signals 1 | . 1 . . . Communications Jammed . | . . . . . Distress Signals . | . . . . . Times Spotted 26 | . 4 5 . 17 Peak Tracking Total 13 | . 3 2 . 13 Tactical Retreats . | . . . . . Traps | -11 -10 -10 -10 -9 ------- Run | Jun Mat Min Exi Min Traps Triggered . | . . . . . Indirectly . | . . . . . Trap Hack Attempts . | . . . . . Triggered . | . . . . . Disarmed . | . . . . . Reprogrammed . | . . . . . Reused . | . . . . . Traps Extracted . | . . . . . Installed . | . . . . . Triggered . | . . . . . Machines | -11 -10 -10 -10 -9 ---------- Run | Jun Mat Min Exi Min Machines Disabled . | . . . . . Max in Single Turn . | . . . . . Machines Repaired . | . . . . . Machines Sabotaged . | . . . . . Overloaded Fab Kills . | . . . . . Hacking | -11 -10 -10 -10 -9 --------- Run | Jun Mat Min Exi Min Machines Accessed 7 | . 3 . 4 . Terminals 3 | . 3 . . . Fabricators . | . . . . . Repair Stations . | . . . . . Recycling Units . | . . . . . Scanalyzers . | . . . . . Garrison Access . | . . . . . Total Hacks 15 | . 11 . 4 . Successful 11 | . 7 . 4 . Failed 4 | . 4 . . . Catastrophic 1 | . 1 . . . Database Lockouts . | . . . . . Manual . | . . . . . Terminals 11 | . 11 . . . Fabricators . | . . . . . Repair Stations . | . . . . . Recycling Units . | . . . . . Scanalyzers . | . . . . . Garrison Access . | . . . . . Terminal Hacks 11 | . 7 . 4 . Record 4 | . . . 4 . Prototype ID Bank 2 | . 2 . . . Alert Level 1 | . 1 . . . Unreport Threat 1 | . 1 . . . Locate Traps 1 | . 1 . . . Hauler Manifests 1 | . 1 . . . Zone Layout 1 | . 1 . . . Fabricator Hacks . | . . . . . Repair Station Hacks . | . . . . . Recycling Unit Hacks . | . . . . . Scanalyzer . | . . . . . Garrison Access Hacks . | . . . . . Unauthorized Hacks . | . . . . . Terminals . | . . . . . Fabricators . | . . . . . Repair Stations . | . . . . . Recycling Units . | . . . . . Scanalyzers . | . . . . . Garrison Access . | . . . . . Data Cores Recovered 1 | . 1 . . . Used 1 | . 1 . . . Hacking Detections 3 | . 3 . . . Full Trace Events . | . . . . . Feedback Events . | . . . . . Feedback Blocked . | . . . . . Robot Schematics Acquired . | . . . . . Robots Built . | . . . . . Authchips . | . . . . . Time . | . . . . . Total Robot Build Rating . | . . . . . Part Schematics Acquired . | . . . . . Parts Built . | . . . . . Authchips . | . . . . . Time . | . . . . . Total Part Build Rating . | . . . . . Parts Repaired . | . . . . . Time . | . . . . . Parts Recycled . | . . . . . Recycled Matter . | . . . . . Retrieved Matter . | . . . . . Retrieved Components . | . . . . . Parts Scanalyzed . | . . . . . Part Schematics Acquired . | . . . . . Parts Damaged . | . . . . . Bothacking | -11 -10 -10 -10 -9 ------------ Run | Jun Mat Min Exi Min Used RIF Installer . | . . . . . Robots Hacked . | . . . . . Non-combat . | . . . . . Combat . | . . . . . Robot Hacks Applied . | . . . . . Relay Couplers Released . | . . . . . Fabnet Peak Effective % . | . . . . . Robots Rewired . | . . . . . Allies Hacked . | . . . . . Hacks Repelled . | . . . . . Allies | -11 -10 -10 -10 -9 -------- Run | Jun Mat Min Exi Min Total Allies . | . . . . . Largest Group . | . . . . . Highest-Rated Group . | . . . . . Highest-Rated Ally . | . . . . . Total Orders . | . . . . . Ally Attacks . | . . . . . Total Damage . | . . . . . Kills . | . . . . . Allies Corrupted . | . . . . . Allies Melted . | . . . . . Intel | -11 -10 -10 -10 -9 ------- Run | Jun Mat Min Exi Min Robot Analysis Total . | . . . . . Derelict Logs Recovered 2 | . . 1 . 1 Drone Launches . | . . . . . Drone Recoveries . | . . . . . Exploration | -11 -10 -10 -10 -9 ------------- Run | Jun Mat Min Exi Min Turns Passed 1340 | 71 144 322 517 286 Spaces Moved 899 | 52 81 150 431 185 Core 12 | 11 . . . 1 Treads . | . . . . . Legs 887 | 41 81 150 431 184 Wheels . | . . . . . Hover . | . . . . . Flight . | . . . . . Fastest Speed 50 | 50 120 120 120 120 Average Speed 120 | 105 120 120 120 124 Slowest Speed 250 | 120 120 120 120 250 Overloaded Moves . | . . . . . Propulsion Burnouts . | . . . . . Robots Hopped . | . . . . . Cave-ins Triggered . | . . . . . Exploration Rate (%) 36 | 4 16 32 90 42 Regions Visited 4 Branch Regions 3 Pre-discovered Areas . | . . . . . Known Exits Taken . | . . . . . Unknown Exits Taken 4 | 1 1 1 1 . Scrap Searched 2 | . . . . 2 Spaces Dug . | . . . . . Terrain Destroyed . | . . . . . Melee . | . . . . . Projectile . | . . . . . AOE . | . . . . . Terrain Rammed . | . . . . . Walls Destroyed . | . . . . . Machines Disabled . | . . . . . Actions | -11 -10 -10 -10 -9 --------- Run | Jun Mat Min Exi Min Total 1076 | 66 107 257 430 216 Wait 98 | . 6 84 . 8 Move 895 | 51 80 149 430 185 Hop . | . . . . . Pick Up 17 | 7 2 3 . 5 Fast Attach . | . . . . . Attach 11 | 6 2 1 . 2 Detach 1 | . 1 . . . Swap 3 | . . 1 . 2 Drop 1 | . . . . 1 Fire 45 | 2 11 19 . 13 Melee 5 | . 5 . . . Ram . | . . . . . Kick . | . . . . . Crush . | . . . . . Escape Stasis . | . . . . . Rewire . | . . . . . Trap . | . . . . . Miscellaneous . | . . . . . Route ------- -11/Junkyard -10/Materials -10/Mines (discovered 2 exits: [*Mat] / *Exi) -10/Exiles -9/Mines History --------- Turn | Location | Event 6 | -11/Junkyard | Discovered new exit (range 16) 72 | -11/Junkyard | Entered Materials 134 | -10/Materials | Discovered new exit (range 12) 216 | -10/Materials | Entered Mines 245 | -10/Mines | Discovered new exit (range 9) 284 | -10/Mines | Core integrity fell below 50% 321 | -10/Mines | Build established: Mutant 329 | -10/Mines | YI-UF0 nonchalantly dropped a Grenade Launcher on the ground 386 | -10/Mines | Learned Materials security intel 532 | -10/Mines | Deemed a non-threat by the Exiles lab entrance 533 | -10/Mines | Discovered new exit (range 5) 538 | -10/Mines | Entered Exiles 538 | -10/Exiles | Found Exiles lab abandoned 1044 | -10/Exiles | Discovered new exit (range 11) 1055 | -10/Exiles | Entered Mines 1077 | -9/Mines | Core integrity fell below 20% 1158 | -9/Mines | Received a Rocket Launcher from a helpful Derelict 1303 | -9/Mines | Assembled infested the area 1308 | -9/Mines | Assisted by a Guerilla fighting off Assembled 1341 | -9/Mines | Destroyed by D-53 Grenadier with Mini Grenade Launcher Last Messages --------------- as-53624 sneak attacks. U-05 Engineer destroyed. as-38814 sneak attacks. T-07 Excavator destroyed. C-30 ARC bursts open, deploying its payload. D-53 Grenadier unfolds itself. as-50908 destroyed. as-79044 destroyed. as-38814 destroyed. as-27879 destroyed. as-26107 destroyed. as-53624 destroyed. as-99901 destroyed. T-07 Excavator is excavating. The unstable cave ceiling collapses. Laser Drill disabled. T-07 Excavator is excavating. Assault Rifle destroyed. Aluminum Leg destroyed. Imp. Ion Engine destroyed. Map ----- +----------------------------------------------------+ | ?????????????#### ## #?## #???????? | | ????????????????# ## ### ##??????? | | ????????????????# ###????? | | ????????????????# ###### #????? | | ????????????????# #????# ### #????? | | ????????????????# #????# #???###????? | | ???????????????? #???## #??????????? | | ????????????????# #?### ##?????????? | | ????????????????# ### #?????????? | | ????????????????# ## #?????????? | | ????????????##### #?????????? | | ????????? ##????????? | | ??????????########### ##???????? | | ???????????????????## ##??????? | | ??????????????????## ##?????? | | ??????????????????# #?????? | | ???????????####???# """ #?????? | | ??????????## ##??# """ #?????? | | ??????????# #??# """ ##?????? | | ?????????## #??# #r ###??????? | | ????????## ##?# ## #????????? | | ????????# #### # # ###??????? | | ????????# ##### #??????? | | ???????## ### % #??????? | | ??????## #??????? | | ??????# # @ #??????? | | ??????# #??????? | | #????# d #?????? | | ""#### ####???? | | % ! #???? | | % %] # d #???? | | ##### * = ?# t #???? | | ????# # ##??# ##???? | | ????## ####?????# ##### #????? | | ?????## ##????????# #????##????? | | ??????# #?????????## ##??????????? | | ?????# #??????????####???????????? | | ?????# #?????????????????????????? | | ?????## ##?????????????????????????? | | ??????###???????????????????????????? | | ????????????????????????????????????? | | | | | | | | | | | | | | | | | | | +----------------------------------------------------+ Best States ------------- Heat Dissipation 25 Energy Generation 12 Energy Capacity 265 Matter Stores 300 Matter Capacity 300 Sight Range 16 Terrain Scan Density 10 Evasion (%) 55 Offensive Hacking 10 Item Schematics ----------------- None Robot Schematics ------------------ None Fabricated ------------ Nothing Alien Tech Used ----------------- None Achievements -------------- None Challenges ------------ None Game ------ Seed RemoteBottomlessMount Manual? 0 Play Time 00:12:51 Cumulative 7.1 hours Start 2023.03.06 @ 06:49:01 End 2023.03.06 @ 07:00:38 Sessions 1 Manual Loads 0 Difficulty Rogue Special Mode None Game No. 15 Rogue 15 Adventurer 0 Explorer 0 Win Type - Total 0 Types 0/0/0/0/0/0/0/0/0 Lore% 10 Gallery% 15 Achievement% 14 Wizard Run 0 Options --------- ASCII 0 Keyboard 0 Movement Mouse Keybinds 0 Fullscreen 1 Font 18/Smallcaps Map View 76x50 Tactical HUD 0 Map Filters NONE Filters NONE Steam 1 RUN: ae2d0496-38f8-4286-b11e-427ff10fb07b